[Event "Early-Titled-Tuesday-Blitz-May-14-2024"]
[Site "Chess.com"]
[Date "2024.05.14"]
[Round "3"]
[White "rhwr"]
[Black "Dacean99"]
[Result "0-1"]
[WhiteElo "2328"]
[BlackElo "2610"]
[TimeControl "180+1"]
[EndTime "8:28:38 PDT"]
[Termination "Dacean99 won by resignation"]

1. e4 c5 2. Be2 Nc6 3. f4 d6 4. Nf3 g6 5. O-O Bg7 6. c3 e5 7. d3 Nge7 8. Be3 b6 9. c4 exf4 10. Bc1 O-O 11. Nc3 Ne5 12. Bxf4 N7c6 13. Nd5 Be6 14.
Rb1 Rc8 15. a3 Nxf3+ 16. Bxf3 Nd4 17. b4 Bxd5 18. exd5 Re8 19. bxc5 bxc5 20. Qa4 Be5 21. Bxe5 Rxe5 22. Rb7 Qg5 23. Be4 Ne2+ 24. Kh1 Qe3 25. Qd7 Ng3+ 26. hxg3 Rh5+ 27. Qh3 Rxh3+ 28. gxh3 f5 29.
Bg2 Qxg3 30. Rxa7 Re8 31. Rb1 Re1+ 32. Rxe1 Qxe1+ 33. Kh2 Qe5+ 34. Kh1 Qc3 35. Bf1 Qe1 36. Kg1 f4 37. Rd7 f3 38. Rxd6 Qg3+ 0-1

[Event "Early-Titled-Tuesday-Blitz-May-14-2024"]
[Site "Chess.com"]
[Date "2024.05.14"]
[Round "3"]
[White "Akewjon"]
[Black "Grischuk"]
[Result "0-1"]
[WhiteElo "2790"]
[BlackElo "3102"]
[TimeControl "180+1"]
[EndTime "8:28:39 PDT"]
[Termination "Grischuk won by resignation"]

1. e4 e5 2. Nf3 Nc6 3. Bc4 Nf6 4. d3 Be7 5. O-O O-O 6. Re1 d6 7. a4 Be6 8. Bxe6 fxe6 9. a5 a6 10.
Nbd2 h6 11. c3 Qe8 12. Qb3 Qd7 13. d4 exd4 14. Nxd4 Nxd4 15. cxd4 d5 16. h3 Rab8 17. Qe3 Bb4 18. e5 Nh5 19. Qb3 Qb5 20. Qa4 Nf4 21. Qxb5 axb5 22. Re3 c5 23. dxc5 Bxc5 24. Rf3 Ne2+ 25.
Kf1 Nd4 26. Rxf8+ Rxf8 27. f3 Ra8 28. Nb1 Nb3 0-1

[Event "Early-Titled-Tuesday-Blitz-May-14-2024"]
[Site "Chess.com"]
[Date "2024.05.14"]
[Round "3"]
[White "Fjal"]
[Black "shrek4life02"]
[Result "0-1"]
[WhiteElo "2331"]
[BlackElo "2608"]
[TimeControl "180+1"]
[EndTime "8:28:39 PDT"]
[Termination "shrek4life02 won by resignation"]

1. Nf3 Nf6 2. g3 c5 3. Bg2 Nc6 4. O-O d5 5. d4 cxd4 6. Nxd4 e5 7.
Nxc6 bxc6 8. c4 Be7 9. Qa4 Bd7 10. Nc3 O-O 11. Bg5 d4 12. Bxf6 Bxf6 13. Ne4 Be7 14. c5 f5 15. Nd6 Bxd6 16. cxd6 Qb6 17. Rac1 Rac8 18. b4 Rfd8 19. Rc5 Qb8 20. Rxe5 Qxd6 21. Rc5 Rc7 22. Rd1 Kh8 23. h4 f4 24. Kh2 Re8 25.
Qc2 fxg3+ 26. fxg3 Re3 27. Rg5 Be8 28. Qd2 Rce7 29.
Bf3 h6 30. Rg4 d3 31. Qc3 dxe2 32. Rxd6 Rxc3 33. Bxe2 Rxe2+ 0-1

[Event "Early-Titled-Tuesday-Blitz-May-14-2024"]
[Site "Chess.com"]
[Date "2024.05.14"]
[Round "3"]
[White "Jospem"]
[Black "CrushingKings"]
[Result "1-0"]
[WhiteElo "2989"]
[BlackElo "2626"]
[TimeControl "180+1"]
[EndTime "8:28:41 PDT"]
[Termination "Jospem won by resignation"]

1. e4 g6 2. d4 Bg7 3. c3 c6 4. Bd3 d5 5. e5 f6 6. exf6 Nxf6 7. Nf3 O-O 8. O-O Bg4 9. Nbd2 Nfd7 10. h3 Bxf3 11.
Nxf3 e5 12. dxe5 Nxe5 13. Nxe5 Bxe5 14. Bh6 Bg7 15. Be3 Qd6 16. Qd2 Nd7 17. Rae1 Rae8 18. Bc2 Ne5 19. Bb3 Kh8 20. Bxa7 Qf6 21. Bc5 Rg8 22. Bd4 Qh4 23. f4 Nd7 24. Bxg7+ Kxg7 25. c4 Nf6 26. cxd5 cxd5 27. Re5 Qg3 28. Qd4 Rgf8 29. Qb6 Rxe5 30. fxe5 Qxe5 31. Qxb7+ Kh6 32. Qb6 d4 33. Qb4 Qe3+ 34. Kh1 Ng4 35. Qxf8+ Kg5 36. hxg4 1-0

[Event "Early-Titled-Tuesday-Blitz-May-14-2024"]
[Site "Chess.com"]
[Date "2024.05.14"]
[Round "3"]
[White "dontcatchmeifyoucant"]
[Black "ReadySkate"]
[Result "0-1"]
[WhiteElo "2447"]
[BlackElo "2712"]
[TimeControl "180+1"]
[EndTime "8:28:42 PDT"]
[Termination "ReadySkate won by resignation"]

1. e4 c5 2. Nf3 e6 3. d4 cxd4 4. Nxd4 Nf6 5. Nc3 Nc6 6. Ndb5 Bc5 7. Nd6+ Ke7 8. Bf4 e5 9. Nf5+ Kf8 10. Be3 Bb4 11.
Qd3 d5 12. exd5 Qxd5 13. Ng3 Be6 14. a3 Qxd3 15. Bxd3 Be7 16. O-O-O h5 17. Nf5 Bxf5 18. Bxf5 g6 19. Bd3 Ng4 20. Be4 Nxe3 21. fxe3 Bg5 22.
Rhe1 Rd8 23. Rxd8+ Nxd8 24. Nb5 a6 25. Nd6 b5 26. c4 Ke7 27. c5 Ne6 28. b4 h4 29.
h3 Rb8 30. Kd2 a5 31. Ra1 Nc7 32. Bd3 Nd5 33. Nxb5 Nxe3 34. Kc3 e4 35. Be2 Bf6+ 36. Nd4 Rd8 0-1

[Event "Early-Titled-Tuesday-Blitz-May-14-2024"]
[Site "Chess.com"]
[Date "2024.05.14"]
[Round "3"]
[White "Mikasinski"]
[Black "ajeale2"]
[Result "1-0"]
[WhiteElo "2676"]
[BlackElo "2481"]
[TimeControl "180+1"]
[EndTime "8:28:44 PDT"]
[Termination "Mikasinski won on time"]

1. e4 g6 2. d4 Bg7 3. Nc3 d5 4. Nxd5 c6 5. Ne3 Qxd4 6. Qxd4 Bxd4 7. Nf3 Bg7 8. Bc4 Nf6 9. Nd2 Nbd7 10. f3 O-O 11. a4 Nc5 12. Ke2 Be6 13. Rd1 Rfd8 14.
a5 Bxc4+ 15. Ndxc4 Ne6 16. a6 b6 17. g3 Rxd1 18. Kxd1 Nd4 19. e5 Nd7 20. f4 Nc5 21. c3 Ndb3 22. Ra3 Rd8+ 23. Kc2 Nxc1 24. Kxc1 Bf8 25. Kc2 e6 26. b4 Nd3 27. Ra1 Nf2 28. Rf1 Ne4 29. Re1 c5 30. b5 Nf2 31. Re2 Nh3 32. Ng4 Be7 33. Rd2 Rxd2+ 34. Kxd2 h5 35. Nf6+ Kg7 36. Nxb6 Bxf6 37. exf6+ Kxf6 38. Nd7+ Ke7 39.
b6 axb6 40. a7 Nf2 41. a8=Q Ne4+ 42. Qxe4 1-0

[Event "Early-Titled-Tuesday-Blitz-May-14-2024"]
[Site "Chess.com"]
[Date "2024.05.14"]
[Round "3"]
[White "mistrzemi"]
[Black "PonyQueen07"]
[Result "1-0"]
[WhiteElo "2439"]
[BlackElo "2130"]
[TimeControl "180+1"]
[EndTime "8:28:44 PDT"]
[Termination "mistrzemi won by checkmate"]

1. e4 c5 2. Nf3 Nc6 3. Bb5 e5 4. O-O Bd6 5. Re1 Nge7 6. Nc3 Bc7 7. a4 O-O 8. d3 h6 9. Bc4 d6 10. Nd2 Be6 11. Nf1 Bxc4 12. dxc4 Ba5 13. Bd2 Bxc3 14. Bxc3 Ng6 15. Ne3 Nd4 16. Bd2 Nf4 17. c3 Nde6 18. Nd5 Nxd5 19. exd5 Ng5 20. f4 exf4 21. Bxf4 Qf6 22.
Qd2 Rfe8 23. Bxg5 Qxg5 24. Qxg5 hxg5 25. Kf2 f5 26. b4 b6 27. bxc5 bxc5 28. Rab1 Rxe1 29.
Kxe1 Re8+ 30. Kd2 Re7 31. Rb8+ Kf7 32. Rd8 Kf6 33. Rxd6+ Ke5 34. Rc6 f4 35. Rxc5 g4 36.
Rc8 f3 37. gxf3 gxf3 38. Rf8 Ke4 39. d6 Rd7 40. c5 g5 41. h3 a6 42. Rf6 Kd5 43. Rf5+ Kc6 44. Rxf3 Kxc5 45. Rd3 Rxd6 46. Rxd6 Kxd6 47. Ke3 Kc5 48. Kd3 a5 49. c4 Kb4 50.
Kd4 Kxa4 51. c5 Kb3 52. c6 a4 53. c7 a3 54. c8=Q a2 55. Qc3+ Ka4 56. Qb2 a1=Q 57.
Qxa1+ Kb3 58. Qb1+ Ka3 59. Kc4 Ka4 60. Qa1# 1-0

[Event "Early-Titled-Tuesday-Blitz-May-14-2024"]
[Site "Chess.com"]
[Date "2024.05.14"]
[Round "3"]
[White "gilbert_gm"]
[Black "pfalcon1949"]
[Result "1-0"]
[WhiteElo "2905"]
[BlackElo "1910"]
[TimeControl "180+1"]
[EndTime "8:28:44 PDT"]
[Termination "gilbert_gm won by resignation"]

1. a4 Nf6 2. Ra3 e6 3. b3 Bxa3 4. Nxa3 d6 5. Bb2 Nbd7 6. e3 Qe7 7. Nf3 b6 8. Nb5 Bb7 9. Nxc7+ Kf8 10. Nxa8 Bxa8 11. Be2 h6 12. a5 Kg8 13. Qa1 Kh7 14. O-O Nc5 15. axb6 axb6 16. b4 Nce4 17. d3 Ng5 18.
Nxg5+ hxg5 19. b5 g4 20. Bxf6 gxf6 21. Qd4 Rg8 22. Qxb6 f5 23. Ra1 Qh4 24. Qxd6 Bf3 25. Bf1 Qf6 26. d4 Rg6 27. Qe5 Qh4 28. Ra7 Rf6 29.
Qg3 Qh6 30. gxf3 gxf3 31. Qxf3 Rg6+ 32. Bg2 Rg7 33. b6 f4 34. b7 fxe3 35. fxe3 Qh4 36. Ra1 Qd8 37. Qh3+ Kg6 38. Rb1 Qb8 39. Qg3+ Kh7 40. Qxb8 1-0

[Event "Early-Titled-Tuesday-Blitz-May-14-2024"]
[Site "Chess.com"]
[Date "2024.05.14"]
[Round "3"]
[White "MikeWizard"]
[Black "A4RookA3"]
[Result "0-1"]
[WhiteElo "2010"]
[BlackElo "2433"]
[TimeControl "180+1"]
[EndTime "8:28:46 PDT"]
[Termination "A4RookA3 won by resignation"]

1. d4 Nf6 2. c4 e6 3. Nf3 b6 4. g3 Bb7 5. Bg2 Be7 6. O-O O-O 7.
Re1 c5 8. d5 exd5 9. Nh4 Ne4 10. Nf5 dxc4 11. Nd2 d5 12. Bxe4 dxe4 13. Nxc4 Nc6 14.
Bf4 Nd4 15. Nfd6 Ba6 16. Rc1 g5 17. Be5 f6 18. Bxd4 Bxd6 19. Nxd6 Qxd6 20. Bc3 Rad8 21. Qb3+ Qd5 22. Qa4 Qb7 23. e3 Rd3 24. Red1 Rfd8 25. Rxd3 Bxd3 26. Bxf6 Qd7 27. Bc3 Qxa4 0-1

[Event "Early-Titled-Tuesday-Blitz-May-14-2024"]
[Site "Chess.com"]
[Date "2024.05.14"]
[Round "3"]
[White "SargissyanSargis"]
[Black "Pragmatist237"]
[Result "1-0"]
[WhiteElo "2434"]
[BlackElo "2253"]
[TimeControl "180+1"]
[EndTime "8:28:46 PDT"]
[Termination "SargissyanSargis won by resignation"]

1. e4 b6 2. d4 Bb7 3. Bd3 e6 4. Nf3 d5 5. e5 c5 6. c3 Nc6 7. O-O Nh6 8. Bg5 Be7 9. Bxe7 Qxe7 10. Nbd2 O-O 11. Re1 f6 12. exf6 Qxf6 13. Qe2 Rae8 14. Bb5 Nf7 15. Nb3 c4 16. Nbd2 a6 17. Bxc6 Bxc6 18.
Nf1 Re7 19. Ng3 Rfe8 20. Ne5 Nxe5 21. Qxe5 Qxe5 22. Rxe5 Rf8 23. Rae1 Rf6 24. Nh5 Rh6 25. Nf4 Kf7 26. g3 Rf6 27. h4 h6 28. h5 b5 29.
Kg2 a5 30. R5e2 b4 31. Ng6 Re8 32. Ne5+ Kg8 33. Nxc6 1-0

[Event "Early-Titled-Tuesday-Blitz-May-14-2024"]
[Site "Chess.com"]
[Date "2024.05.14"]
[Round "3"]
[White "Yaacovn"]
[Black "chessburger_tv"]
[Result "1-0"]
[WhiteElo "2813"]
[BlackElo "2397"]
[TimeControl "180+1"]
[EndTime "8:28:47 PDT"]
[Termination "Yaacovn won by resignation"]

1. d4 Nf6 2. e3 d5 3. Bd3 c5 4. c3 Nc6 5. f4 g6 6. Nf3 Bf5 7. O-O Bg7 8. Ne5 O-O 9. Qe2 Rc8 10. Nd2 Re8 11. Ndf3 Bxd3 12. Nxd3 Ne4 13. Bd2 f6 14. Nxc5 Nxc5 15. dxc5 e5 16. fxe5 fxe5 17. e4 a5 18. Ng5 Qe7 19. Be3 h6 20. exd5 hxg5 21. dxc6 Rxc6 22. Qc4+ Qe6 23. Qxe6+ Rexe6 24. Rad1 Bf6 25. Rd7 Be7 26. b4 e4 27. Rxb7 Bf6 28. b5 Rc8 29. c4 Rd8 30. c6 Be5 31. c7 Rc8 32. b6 Rc6 33. c5 g4 34. g3 a4 35. Kg2 a3 36. Rd1 Bf6 37. Rd6 1-0

[Event "Early-Titled-Tuesday-Blitz-May-14-2024"]
[Site "Chess.com"]
[Date "2024.05.14"]
[Round "3"]
[White "Zarinur"]
[Black "yuriydovzik"]
[Result "1-0"]
[WhiteElo "2561"]
[BlackElo "2152"]
[TimeControl "180+1"]
[EndTime "8:28:47 PDT"]
[Termination "Zarinur won on time"]

1. e4 c6 2. d4 Na6 3. Nc3 Nc7 4.
h3 d5 5. e5 e6 6. Nf3 c5 7. Be2 h6 8. Be3 b6 9. a4 Ne7 10. g4 Nc6 11. Qd2 Be7 12. Nb5 Nxb5 13. axb5 cxd4 14. Bxd4 Nxd4 15. Nxd4 Bb7 16. c3 O-O 17. O-O Qc7 18. f4 Bc5 19. Kh2 Rfc8 20. Ra4 Bxd4 21. Qxd4 Qc5 22. Qxc5 Rxc5 23. Rfa1 d4 24.
Rxd4 Bd5 25. Rda4 1-0

[Event "Early-Titled-Tuesday-Blitz-May-14-2024"]
[Site "Chess.com"]
[Date "2024.05.14"]
[Round "3"]
[White "whitemirrorninja"]
[Black "ViktoriyaTarasova"]
[Result "1-0"]
[WhiteElo "2502"]
[BlackElo "2308"]
[TimeControl "180+1"]
[EndTime "8:28:47 PDT"]
[Termination "whitemirrorninja won on time"]

1. e4 e5 2. Bc4 Nf6 3. d3 c6 4.
Bb3 a5 5. c3 d5 6. Nf3 Bd6 7.
Nbd2 O-O 8. O-O h6 9. Re1 Re8 10. h3 Nbd7 11. Nf1 Nc5 12. Bc2 dxe4 13. dxe4 Qc7 14.
Ng3 Bf8 15. Be3 Rd8 16. Qc1 Ne6 17. a4 b6 18. Bb3 Nf4 19. Nxe5 Nxh3+ 20. gxh3 Qxe5 21.
f4 Qc7 22. Bd4 Nd7 23. Nh5 g6 24. Qc2 Bc5 25. e5 Bxd4+ 26. cxd4 Nf8 27. Nf6+ Kg7 28. d5 Bf5 29. Qc3 Rac8 30. d6 Qa7 31. e6 b5+ 32. Kh1 b4 33. Ne8+ 1-0

[Event "Early-Titled-Tuesday-Blitz-May-14-2024"]
[Site "Chess.com"]
[Date "2024.05.14"]
[Round "3"]
[White "komogro"]
[Black "Kirill_Klukin"]
[Result "0-1"]
[WhiteElo "2534"]
[BlackElo "2817"]
[TimeControl "180+1"]
[EndTime "8:28:48 PDT"]
[Termination "Kirill_Klukin won by resignation"]

1. Nf3 c5 2. g3 Nc6 3. Bg2 g6 4. c3 Bg7 5. O-O Nf6 6. d3 O-O 7. Nbd2 Rb8 8. a4 a6 9. e4 d6 10. Re1 b5 11. axb5 axb5 12. Nf1 b4 13. d4 bxc3 14. bxc3 cxd4 15. cxd4 Bg4 16. Ne3 Bxf3 17. Bxf3 Nd7 18. Nc2 Qc7 19. Be3 Rfc8 20. Rc1 Qa5 21. Qd3 Nce5 22. dxe5 Nxe5 23. Bd2 Qxd2 24. Be2 Nxd3 0-1

[Event "Early-Titled-Tuesday-Blitz-May-14-2024"]
[Site "Chess.com"]
[Date "2024.05.14"]
[Round "3"]
[White "Bauman_Guy"]
[Black "RojonR"]
[Result "1-0"]
[WhiteElo "2892"]
[BlackElo "2609"]
[TimeControl "180+1"]
[EndTime "8:28:49 PDT"]
[Termination "Bauman_Guy won by resignation"]

1. e4 c5 2. Nf3 Nc6 3. d4 cxd4 4. Nxd4 Qc7 5. Nc3 e6 6. Nxc6 bxc6 7. Bd3 d5 8. Qe2 Nf6 9. exd5 cxd5 10. Nb5 Qb8 11. g3 Bd6 12. Nxd6+ Qxd6 13. Bf4 Qe7 14. O-O O-O 15. Rfe1 Bb7 16. c3 Rfd8 17. Be5 Ne4 18. f3 Nc5 19. Bd4 Nxd3 20. Qxd3 a5 21. f4 a4 22. f5 Bc8 23. Qf3 f6 24. fxe6 Bxe6 25.
Re3 Re8 26. Rae1 Qd7 27. g4 h6 28. h4 Bxg4 29. Rxe8+ Rxe8 30. Rxe8+ Kf7 31. Rd8 Qxd8 32.
Qxg4 Qe7 33. Kf2 a3 34. b4 g6 35. h5 g5 36. Qf5 Qd6 37. Qg6+ Ke6 38. Qxf6+ 1-0

[Event "Early-Titled-Tuesday-Blitz-May-14-2024"]
[Site "Chess.com"]
[Date "2024.05.14"]
[Round "3"]
[White "carloseduar100"]
[Black "Pedrada88"]
[Result "0-1"]
[WhiteElo "2222"]
[BlackElo "2572"]
[TimeControl "180+1"]
[EndTime "8:28:49 PDT"]
[Termination "Pedrada88 won by resignation"]

1. d4 Nf6 2. Bg5 Ne4 3. h4 c5 4. d5 Qb6 5. Nd2 Nxd2 6. Bxd2 Qxb2 7. e4 g6 8. Rb1 Qd4 9. Bd3 Bg7 10. Nf3 Qa4 11. h5 b6 12. hxg6 fxg6 13. e5 Ba6 14.
Rxh7 Bxd3 15. Rxh8+ Bxh8 16. cxd3 Qxa2 17. Bc3 Qxd5 18. Qe2 Nc6 19. Ra1 b5 20. Kf1 b4 21. Bb2 a5 22. Qe3 a4 23. Qh6 Qxd3+ 24. Kg1 O-O-O 25. Rc1 a3 26. Ba1 b3 27. e6 Bxa1 28.
exd7+ Rxd7 29. Rxa1 b2 30. Re1 b1=Q 31. Qf8+ Rd8 32.
Qf7 Qbb3 33. Qg7 a2 34. Ne5 Nxe5 35. Qxe5 Qdb1 36. Qxc5+ Kb7 37. Qxe7+ Kc6 38. Qe6+ Qxe6 0-1

[Event "Early-Titled-Tuesday-Blitz-May-14-2024"]
[Site "Chess.com"]
[Date "2024.05.14"]
[Round "3"]
[White "Denis_Makhnyov"]
[Black "NikitaShnadrygin"]
[Result "1-0"]
[WhiteElo "2996"]
[BlackElo "2740"]
[TimeControl "180+1"]
[EndTime "8:28:51 PDT"]
[Termination "Denis_Makhnyov won by resignation"]

1. d4 d5 2. c4 Nc6 3. Nc3 dxc4 4. d5 Ne5 5. Nf3 Ng6 6. e4 e5 7. Bxc4 a6 8. h4 h5 9. Ng5 Bd6 10. g3 Nf6 11. f3 Qe7 12. Qe2 Nh7 13. Be3 Nxg5 14.
hxg5 Bd7 15. O-O-O b5 16. Bb3 Rb8 17. Bc2 a5 18. Bd3 b4 19. Nb5 Kf8 20. Kb1 Qe8 21. Na7 a4 22. Rc1 Kg8 23. Nc6 Ra8 24. Qf2 Ne7 25.
Nxe7+ Qxe7 26. f4 b3 27. a3 g6 28. f5 Qe8 29. g4 h4 30. Rxh4 Rxh4 31. Qxh4 Bf8 1-0

[Event "Early-Titled-Tuesday-Blitz-May-14-2024"]
[Site "Chess.com"]
[Date "2024.05.14"]
[Round "3"]
[White "ulises2013"]
[Black "viktorskliarov"]
[Result "1-0"]
[WhiteElo "2928"]
[BlackElo "2675"]
[TimeControl "180+1"]
[EndTime "8:28:51 PDT"]
[Termination "ulises2013 won by checkmate"]

1. e4 c5 2. g3 Nc6 3. Bg2 g6 4.
Ne2 Bg7 5. O-O e6 6. c3 Nge7 7. d4 cxd4 8. cxd4 d5 9. Nbc3 O-O 10. Bg5 h6 11. Bxe7 Nxe7 12. exd5 Nxd5 13. Nxd5 exd5 14.
Qb3 Be6 15. Nf4 Bxd4 16. Bxd5 Bxd5 17. Nxd5 b6 18. Rad1 Bg7 19. Rfe1 Kh8 20. Re7 Qd6 21. Rde1 Rad8 22. Nf4 Rd7 23. R7e2 Qf6 24. h4 h5 25.
Nh3 Bh6 26. Kh2 Kg7 27. Qa4 Rfd8 28. b3 a5 29. Qb5 Rd5 30. Qc4 Rd2 31. Kg2 Rxe2 32.
Rxe2 Rd2 33. Rxd2 Bxd2 34. Ng1 Qc3 35. Qd5 Qc2 36. a4 Bc3 37. Nf3 Bf6 38. Nd2 Qc7 39. Ne4 Qe5 40. Qc6 Bd8 41. Qc4 Bc7 42.
Ng5 Qe7 43. Qd4+ Be5 44. Qxb6 Bf6 45. Nf3 Bc3 46. Qb5 Bb4 47. Qc4 Kg8 48. Ng5 Kg7 49. Qd4+ Kg8 50. Ne4 Qe6 51. Nf6+ Kf8 52. Nd5 Qd6 53.
Qh8# 1-0

[Event "Early-Titled-Tuesday-Blitz-May-14-2024"]
[Site "Chess.com"]
[Date "2024.05.14"]
[Round "3"]
[White "Jesseinkman"]
[Black "Orujov2008"]
[Result "0-1"]
[WhiteElo "2519"]
[BlackElo "2754"]
[TimeControl "180+1"]
[EndTime "8:28:51 PDT"]
[Termination "Orujov2008 won on time"]

1. e4 c5 2. Nf3 d6 3. d4 cxd4 4.
Nxd4 Nf6 5. Nc3 a6 6. f3 e5 7. Nb3 Be7 8. Be3 Be6 9. Qd2 O-O 10.
O-O-O Nbd7 11. g4 b5 12. g5 Nh5 13. Nd5 Bxd5 14. exd5 f6 15. Na5 fxg5 16. Nc6 Qe8 17. Bxg5 Bxg5 18. Qxg5 Nc5 19. Rg1 Qf7 20. Kb1 a5 21.
Bh3 Nf4 22. Bf5 Qf6 23. Qg3 g6 24. Qg4 b4 25. Be4 a4 26. h4 a3 27. b3 Ne2 28. h5 Nxg1 29. hxg6 Ne2 30. Rh1 Nxe4 31.
Rxh7 N2c3+ 32. Ka1 Rae8 33. Qh5 Ng5 34. Ra7 Qxf3 0-1

[Event "Early-Titled-Tuesday-Blitz-May-14-2024"]
[Site "Chess.com"]
[Date "2024.05.14"]
[Round "3"]
[White "MathiasWomacka"]
[Black "alvarorodriguezavila"]
[Result "1-0"]
[WhiteElo "2537"]
[BlackElo "2324"]
[TimeControl "180+1"]
[EndTime "8:28:51 PDT"]
[Termination "MathiasWomacka won by resignation"]

1. e4 c5 2. Nf3 g6 3. d4 cxd4 4. Nxd4 Bg7 5. c4 Nc6 6. Be3 Nf6 7. Nc3 O-O 8. Be2 d6 9. O-O Nxd4 10. Bxd4 Bd7 11. Qd2 Bc6 12. f3 a5 13. b3 Nd7 14. Be3 Nc5 15. Rac1 Qb6 16. Nd5 Bxd5 17. cxd5 Rfc8 18. Rc4 Qd8 19. Rfc1 b6 20. R4c2 Be5 21. Bb5 Rc7 22. Qe2 Rac8 23. g3 e6 24. dxe6 fxe6 25.
f4 Bg7 26. Bf2 Qe7 27. Rd1 Rd8 28. Rcd2 Bf8 29. Kg2 Qf7 30. Bc4 Rcc8 31. Qg4 Re8 32. f5 Qb7 33. fxe6 Qxe4+ 34. Qxe4 Nxe4 35. e7+ Kg7 36. exf8=Q+ Rxf8 37. Bd4+ Kh6 38. Re2 d5 39. Bxd5 1-0

[Event "Early-Titled-Tuesday-Blitz-May-14-2024"]
[Site "Chess.com"]
[Date "2024.05.14"]
[Round "3"]
[White "SujanaLohani"]
[Black "ItsCheckM8Mate"]
[Result "1-0"]
[WhiteElo "1973"]
[BlackElo "2303"]
[TimeControl "180+1"]
[EndTime "8:28:51 PDT"]
[Termination "SujanaLohani won on time"]

1. e4 e5 2. Nf3 Nc6 3. d4 exd4 4. Nxd4 Nf6 5. Nxc6 bxc6 6. e5 Qe7 7. Qe2 Nd5 8. h4 Qe6 9. g3 f6 10. c4 Nb4 11. a3 Na6 12. exf6 Qxe2+ 13. Bxe2 gxf6 14. b4 d5 15. O-O Bg7 16. Bb2 O-O 17. Bf3 Be6 18. Re1 Rfe8 19. Nc3 Rad8 20. Rad1 f5 21. cxd5 cxd5 22. Bxd5 Bxd5 23. Rxe8+ Rxe8 24. Rxd5 Rf8 25. Rd7 Rf7 26. Rd5 f4 27. g4 f3 28.
Ra5 Rf6 29. Nd5 Rd6 30. Ne7+ Kf7 31. Bxg7 Kxe7 32. Be5 Rc6 33. b5 Rc1+ 34. Kh2 Nc5 35. Rxa7 Ne6 36. b6 Kd7 37. Bxc7 Kc6 38. a4 Rc2 39.
Kg3 Nd4 40. a5 1-0

[Event "Early-Titled-Tuesday-Blitz-May-14-2024"]
[Site "Chess.com"]
[Date "2024.05.14"]
[Round "3"]
[White "ChadBiryani"]
[Black "MatthewG-p4p"]
[Result "0-1"]
[WhiteElo "2538"]
[BlackElo "2831"]
[TimeControl "180+1"]
[EndTime "8:28:52 PDT"]
[Termination "MatthewG-p4p won by resignation"]

1. c4 e6 2. g3 d5 3. Bg2 Nf6 4.
Nf3 dxc4 5. Na3 c5 6. Nxc4 Nc6 7. O-O Be7 8. b3 O-O 9. Bb2 Nd5 10. Rc1 Bf6 11. d4 cxd4 12. Nxd4 Bd7 13. Nb5 Bxb2 14. Nxb2 Qa5 15. Nd6 Qxa2 16. Nbc4 Ncb4 17. Be4 Qa6 18. Bb1 b5 19. e4 bxc4 20. exd5 Qxd6 21.
Rxc4 Nxd5 22. Bxh7+ Kxh7 23. Qh5+ Kg8 24. Rh4 f6 25.
Rd1 Qe5 26. Qh7+ Kf7 27. Rh5 Rh8 0-1

[Event "Early-Titled-Tuesday-Blitz-May-14-2024"]
[Site "Chess.com"]
[Date "2024.05.14"]
[Round "3"]
[White "lamomiajunior"]
[Black "Payyappat"]
[Result "1-0"]
[WhiteElo "2769"]
[BlackElo "2526"]
[TimeControl "180+1"]
[EndTime "8:28:52 PDT"]
[Termination "lamomiajunior won by checkmate"]

1. d4 Nf6 2. Nc3 d5 3. Bf4 c5 4. e4 Nc6 5. Nb5 e5 6. dxe5 Nxe4 7. Qxd5 Qxd5 8. Nc7+ Kd8 9. Nxd5 Be6 10. Nc3 Nxc3 11.
bxc3 Be7 12. Nf3 Kc7 13. Bd3 Rad8 14. O-O h6 15. h3 g5 16. Bg3 h5 17. Nd2 h4 18.
Bh2 Na5 19. Rfd1 c4 20. Be4 Bc5 21. Bf3 Rd7 22. Ne4 Bb6 23. Rd6 Rhd8 24. Nxg5 Bc5 25. Nxe6+ fxe6 26. Rxe6 Ba3 27. Bf4 Bb2 28. Rb1 Bxc3 29. Rg6 Rf7 30. g3 hxg3 31. fxg3 Re7 32. Bg5 Rxe5 33. Bxd8+ Kxd8 34. Rd1+ Kc7 35. h4 b5 36. h5 b4 37. h6 Rf5 38. Kg2 b3 39. axb3 cxb3 40. cxb3 Nxb3 41. Rc1 Rc5 42. Rxc3 Rxc3 43.
h7 Rc2+ 44. Kh3 Nd4 45. h8=Q Nxf3 46. Qg7+ Kc8 47. Qf8+ Kd7 48. Qxf3 Ke7 49. Qf6+ Ke8 50. Rg7 Rh2+ 51. Kxh2 a5 52. Qe7# 1-0

[Event "Early-Titled-Tuesday-Blitz-May-14-2024"]
[Site "Chess.com"]
[Date "2024.05.14"]
[Round "3"]
[White "FREDERICKtheMATE"]
[Black "Actuary44"]
[Result "1-0"]
[WhiteElo "2687"]
[BlackElo "2490"]
[TimeControl "180+1"]
[EndTime "8:28:54 PDT"]
[Termination "FREDERICKtheMATE won on time"]

1. d4 Nf6 2. c4 g6 3. Nf3 Bg7 4. Nc3 d6 5. e4 O-O 6. Be2 e5 7. Be3 Nc6 8. d5 Ne7 9. Nd2 Ne8 10. b4 f5 11. f3 f4 12. Bf2 g5 13. c5 Rf6 14. h3 h5 15. Nc4 Rg6 16. Kd2 b6 17. a4 bxc5 18. bxc5 c6 19. cxd6 Nxd6 20. Bc5 Nb7 21. Bxe7 Qxe7 22. dxc6 Rxc6 23. Nd5 Qc5 24. Qb3 Qd4+ 25. Bd3 Nc5 26. Qc3 Qxc3+ 27. Kxc3 Bf8 28. Nxe5 Re6 29. Bc4 Kh7 30. Nc7 Rxe5 31. Nxa8 Bg7 32. Kb4 Nd7 33. Nc7 Rc5 34. Ne6 Rc6 35.
Nxg7 Kxg7 36. Bb5 Rb6 37. Rac1 Bb7 38. Rc7 1-0

[Event "Early-Titled-Tuesday-Blitz-May-14-2024"]
[Site "Chess.com"]
[Date "2024.05.14"]
[Round "3"]
[White "GothamChess"]
[Black "vugarrasulov"]
[Result "0-1"]
[WhiteElo "2723"]
[BlackElo "2991"]
[TimeControl "180+1"]
[EndTime "8:28:56 PDT"]
[Termination "vugarrasulov won on time"]

1. e4 c5 2. Nc3 e6 3. d4 cxd4 4. Qxd4 Nc6 5. Qd3 Nf6 6. Bf4 d5 7. O-O-O d4 8. Nb5 e5 9. Bxe5 Nxe5 10. Qg3 Qe7 11. Rxd4 Bg4 12. Nd6+ Qxd6 13. Rxd6 Bxd6 14. Bb5+ Bd7 15. Qxg7 O-O-O 16. Qxf6 Bxb5 17. Nf3 Ng4 18. Qxf7 Kb8 19. Qf5 Nxf2 20. Re1 Bd7 21. Qf6 Bc8 22. h3 Rhf8 23. Qh4 Nxh3 24. gxh3 Rde8 25. e5 Bc7 26. Qe4 Bxh3 27. Qe3 Bg4 28. Rf1 Bxe5 29. Kb1 Bc7 30. Qd3 Rxf3 0-1

[Event "Early-Titled-Tuesday-Blitz-May-14-2024"]
[Site "Chess.com"]
[Date "2024.05.14"]
[Round "3"]
[White "Aygehovit1992"]
[Black "tandaleo"]
[Result "1-0"]
[WhiteElo "2863"]
[BlackElo "2567"]
[TimeControl "180+1"]
[EndTime "8:28:57 PDT"]
[Termination "Aygehovit1992 won by resignation"]

1. e4 e5 2. Nf3 Nc6 3. Bb5 Nd4 4. Bc4 Bc5 5. c3 Nxf3+ 6. Qxf3 Qe7 7. O-O Nf6 8. b4 Bb6 9. a4 a5 10. b5 d6 11. h3 g5 12. d4 g4 13. Qd3 gxh3 14.
dxe5 Qxe5 15. g3 Rg8 16. Kh1 Nxe4 17. Bf4 Qe7 18. Nd2 Bf5 19. Qd5 Nxd2 20. Qxf5 Nxf1 21. Rxf1 c6 22. bxc6 bxc6 23. Rb1 Bxf2 24. Qxh7 O-O-O 25. Ba6+ Kd7 26. Rb7+ Ke6 27. Qe4+ 1-0

[Event "Early-Titled-Tuesday-Blitz-May-14-2024"]
[Site "Chess.com"]
[Date "2024.05.14"]
[Round "3"]
[White "AttilaTurzo"]
[Black "Korchmar_Vasiliy"]
[Result "0-1"]
[WhiteElo "2474"]
[BlackElo "2674"]
[TimeControl "180+1"]
[EndTime "8:28:57 PDT"]
[Termination "Korchmar_Vasiliy won on time"]

1. e4 c5 2. c3 d5 3. exd5 Nf6 4.
d4 Nxd5 5. c4 Nf6 6. d5 e6 7.
Nc3 exd5 8. cxd5 Bd6 9. Nf3 O-O 10. Be2 a6 11. a4 Bg4 12. O-O Nbd7 13. Be3 Re8 14. h3 Bh5 15. a5 Rc8 16. Nd2 Bxe2 17. Qxe2 Bf4 18. Nc4 Bxe3 19. Nxe3 Ne5 20. Rfd1 c4 21. Rd4 Qd6 22. Qf1 Qb4 23. Qb1 Nfd7 24. Ra4 Qb3 25. Ra3 Qb4 26. Ra4 Qc5 27. Qd1 b5 28.
axb6 Qxb6 29. Qd2 Nc5 30. Nxc4 Qg6 31. Nxe5 Rxe5 32. Rac4 Ree8 33. Rg4 Qf6 34. Qd4 Re1+ 0-1